 Dungeon Sprint DCSS version 0.14-a0-2644-gcc8e764 (webtiles) character file.

16 BluebellGnoll the Ducker (level 2, 6/13 HPs)
             Began as a Spriggan Enchanter on Feb 16, 2014.
             Was an Initiate of Sif Muna.
             Quit the game in the Dungeon (Sprint IX: "|||||||||||||||||||||||||||||").
             The game lasted 00:03:40 (368 turns).

BluebellGnoll the Ducker (Spriggan Enchanter)        Turns: 368, Time: 00:03:40

HP   6/13        AC  3     Str  4      XL: 2   Next: 37%
MP   1/11        EV 20     Int 16      God: Sif Muna [......]
Gold 0           SH  0     Dex 16      Spells:  3 memorised,  6 levels left

rFire  . . .     SeeInvis +     r - +2 cutlass (elec)
rCold  . . .     Clarity  .     b - +1 robe
rNeg   . . .     Conserve .     (shield restricted)
rPois  .         rCorr    .     (helmet restricted)
rElec  .         rRot     .     (no cloak)
SustAb . .       Spirit   .     (gloves unavailable)
rMut   .         Warding  .     (boots unavailable)
Saprov . . .     NoTele   +     (no amulet)
MR     .....                    (no ring)
                                (no ring)

@: bonded with blade, very quick, not resistant to hostile enchantments,
stealthy
A: unfitting armour, see invisible, herbivore 3, speed 3, slow metabolism 2
a: Renounce Religion


You were in the Dungeon.
You worshipped Sif Muna.
Sif Muna was noncommittal.
You were not hungry.

You visited 1 branch

Inventory:

Hand weapons
 r - a +2,+2 cutlass of electrocution (weapon)
 v - the +2,+2 scimitar "Gatt" {venom, +Blink rElec rN+}
   (You found it in the Dungeon)

   It poisons the flesh of those it strikes.
   It insulates you from electricity.
   It protects you from negative energy.
   It lets you blink.
Missiles
 d - 12 darts (quivered)
Armour
 b - a +1 robe (worn)
Magical devices
 o - a wand of cold (7)
Scrolls
 k - 2 scrolls of blinking
 m - 3 scrolls of remove curse
 n - 2 scrolls of amnesia
Jewellery
 p - a +2 ring of protection
 q - a +3 ring of strength
Potions
 e - a potion of porridge
 f - a potion of invisibility
 g - 3 potions of heal wounds
 h - a potion of speed
 i - 4 potions of magic
 j - a potion of berserk rage
 l - 4 potions of curing
Books
 c - a book of Maledictions

   Spells                             Type                      Level
   *Corona                            Hexes                        1
   *Sure Blade                        Hexes/Charms                 2
   *Ensorcelled Hibernation           Hexes/Ice                    2
   Confuse                            Hexes                        3
   Enslavement                        Hexes                        4
   Invisibility                       Hexes                        6


   Skills:
 - Level 1.1 Short Blades
 - Level 1.1 Throwing
 - Level 5.4 Dodging
 + Level 3.0 Stealth
 - Level 5.2 Spellcasting
 - Level 3.6 Hexes


You had 6 spell levels left.
You knew the following spells:

 Your Spells              Type           Power        Failure   Level  Hunger
a - Corona                Hex            ###....      4%          1    None
b - Sure Blade            Hex/Chrm       #.........   12%         2    #......
c - Ensorcelled Hibernat  Hex/Ice        #.....       12%         2    #......


Dungeon Overview and Level Annotations

Branches:
Dungeon (1/1)

Altars:
Ashenzari
Cheibriados
Dithmenos
Elyvilon
Fedhas
Kikubaaqudgha
Makhleb
Nemelex Xobeh
Okawaru
Sif Muna
Trog
Vehumet
Xom
Yredelemnul
Zin
The Shining One


Innate Abilities, Weirdness & Mutations

You are tiny and cannot use many weapons and most armour.
You have supernaturally acute eyesight.
You are a herbivore.
You cover ground extremely quickly.
You need consume almost no food.


Message History

The adder bites you.
Casting: Sure Blade
Confirm with . or Enter, or press ? or * to list all spells.
Aiming: Ensorcelled Hibernation
Press: ? - help, Shift-Dir - straight line, f/p - adder
Aim: an adder The adder is unaffected.
The adder closely misses you.
Casting: Ensorcelled Hibernation
Confirm with . or Enter, or press ? or * to list all spells.
Aiming: Ensorcelled Hibernation
Press: ? - help, Shift-Dir - straight line, f/p - adder
Aim: an adder The adder is unaffected.
The adder misses you.
Casting: Ensorcelled Hibernation
Confirm with . or Enter, or press ? or * to list all spells.
Aiming: Ensorcelled Hibernation
Press: ? - help, Shift-Dir - straight line, f/p - adder
Aim: an adder The adder is unaffected.
The adder closely misses you. The adder bites you.
Are you sure you want to abandon this character and quit the game? (Confirm with "yes".)

▓+▓
▓.▓
▓a▓
▓b▓
▓n▓
▓O▓
▓k▓
▓S▓
▓@▓
▓.▓
▓[▓
▓[▓
▓[▓
▓.▓
▓|▓
▓.▓
▓.▓


You could see an ogre, a necrophage, a worker ant, a killer bee, an adder and a
bat.

Vanquished Creatures
  A worm (D)
  A giant eyeball (D)
  A kobold (D)
  3 bats (D)
  2 giant newts (D)
  2 goblins (D)
10 creatures vanquished.

Notes
Turn   | Place    | Note
--------------------------------------------------------------
     0 | D        | BluebellGnoll, the Spriggan Enchanter, began the quest for the Orb.
     0 | D        | Reached XP level 1. HP: 9/9 MP: 4/4
     9 | D        | Reached skill level 4 in Dodging
    13 | D        | Reached skill level 5 in Dodging
    29 | D        | Paralysed by a giant eyeball for 3 turns
    33 | D        | Reached XP level 2. HP: 1/13 MP: 4/9
    43 | D        | Paralysed by a giant eyeball for 2 turns
    52 | D        | Reached skill level 5 in Spellcasting
    62 | D        | Learned a level 2 spell: Sure Blade
    65 | D        | Found a snail-covered altar of Cheibriados.
    65 | D        | Found a white marble altar of Elyvilon.
    65 | D        | Found a bloodstained altar of Trog.
    65 | D        | Found a white marble altar of Elyvilon.
    65 | D        | Found a shattered altar of Ashenzari.
    65 | D        | Found a deep blue altar of Sif Muna.
    65 | D        | Found a glowing golden altar of the Shining One.
    66 | D        | Found a shimmering altar of Xom.
    67 | D        | Found a shadowy altar of Dithmenos.
    68 | D        | Found an iron altar of Okawaru.
    69 | D        | Found an ancient bone altar of Kikubaaqudgha.
    70 | D        | Found a snail-covered altar of Cheibriados.
    71 | D        | Found a glowing silver altar of Zin.
    72 | D        | Found a radiant altar of Vehumet.
    73 | D        | Became a worshipper of Sif Muna the Loreminder
    74 | D        | Found a blossoming altar of Fedhas.
    75 | D        | Found a burning altar of Makhleb.
    76 | D        | Found a basalt altar of Yredelemnul.
    77 | D        | Found a sparkling altar of Nemelex Xobeh.
   107 | D        | Got the +2,+2 scimitar "Gatt" {venom, +Blink rElec rN+}
   362 | D        | Learned a level 2 spell: Ensorcelled Hibernation
   362 | D        | Noticed a worker ant
   362 | D        | Noticed a necrophage
   362 | D        | Noticed an ogre
   362 | D        | Noticed a killer bee
   368 | D        | Quit the game

Action                   || total
-------------------------++-------
Melee: Dagger            ||    34
 Cast: Ensorcelled Hiber ||     4
       Sure Blade        ||     1
  Use: Potion            ||     1
 Stab: Sleeping          ||     4
